 Dungeon Crawl Stone Soup version 0.26.1-2-gb8aa6d0cf2 (webtiles) character file.

Game seed: 17543560592705931774

102 nightchill the Poker (level 4, 0/37 HPs)
             Began as a Merfolk Fighter on Mar 22, 2021.
             Slain by a killer bee (6 damage)
             ... on level 3 of the Dungeon.
             The game lasted 00:02:40 (1963 turns).

nightchill the Poker (Merfolk Fighter)              Turns: 1963, Time: 00:02:40

Health: 0/37       AC:  6    Str: 17    XL:     4   Next: 78%
Magic:  4/4        EV:  7    Int:  7    God:
Gold:   172        SH:  0    Dex: 13    Spells: 3/3 levels left

rFire    . . .     SeeInvis .   a - +0 trident
rCold    . . .     Faith    .   c - +0 kite shield
rNeg     . . .     Spirit   .   j - +0 ring mail
rPois    .         Reflect  .   q - +0 helmet
rElec    .         Harm     .   (no cloak)
rCorr    .         Rampage  .   (no gloves)
Will     .....                  (no boots)
Stlth    ..........             (no amulet)
HPRegen  0.12/turn              (no ring)
MPRegen  0.09/turn              (no ring)

@: confused, mighty, lethally poisoned (0 -> -17), attractive
A: change form in water, swift swim, stealthy swim
a: no special abilities


You were on level 3 of the Dungeon.
You visited 1 branch of the dungeon, and saw 3 of its levels.

You collected 172 gold pieces.

Inventory:

Hand Weapons
 a - a +0 trident (weapon)
Armour
 b - a +0 scale mail
 c - a +0 kite shield (worn)
 j - a +0 ring mail (worn)
 q - a +0 helmet (worn)
Jewellery
 k - an uncursed ring of stealth {unknown}
 p - an uncursed amulet of magic regeneration {unknown}
Scrolls
 e - 2 scrolls of identify {unknown}
 f - a scroll of remove curse {unknown}
 g - 2 scrolls of teleportation {unknown}
 h - a scroll of enchant weapon {unknown}
 m - a scroll of fear {unknown}
 n - a scroll of noise {unknown}


   Skills:
 + Level 4.3 Fighting
 * Level 6.0 Polearms
 - Level 2.1 Armour
 - Level 3.0 Shields


You had 3 spell levels left.
You didn't know any spells.
Your spell library was empty.

Dungeon Overview and Level Annotations

Branches:
Dungeon (3/15)

Altars:


Message History

You feel sick. The killer bee barely misses you.
The killer bee stings you but does no damage.
The kobold hits you but does no damage.
You bump into the rock wall.
* * * LOW HITPOINT WARNING * * *
You feel sick. The killer bee barely misses you. The killer bee stings you.
* * * LOW HITPOINT WARNING * * *
The kobold hits you but does no damage.
You bump into the rock wall.
* * * LOW HITPOINT WARNING * * *
You feel sick. The killer bee stings you.
* * * LOW HITPOINT WARNING * * *
The killer bee closely misses you. The kobold barely misses you.
You miss the killer bee.
The killer bee is moderately wounded.
* * * LOW HITPOINT WARNING * * *
You feel sick. The killer bee stings you!
* * * LOW HITPOINT WARNING * * *
The killer bee stings you.
You die...

###############
#######........K@yyK#
.........##########(#
.######..# #...#
#######..# #.Ky.).
.........# #..>.#.#
#####.#### #y#.##...
#.# #.#.# #.# #.#
#.#># .# #.# #.#!# #


You could see 2 killer bees and 2 kobolds.

Vanquished Creatures
  A killer bee (D:3)
  An adder (D:3)
  A worm (D:2)
  3 dart slugs
  2 leopard geckos (D:1)
  An orc (D:3)
  3 giant cockroaches (D:1)
  6 goblins
  3 hobgoblins
  10 kobolds
  A quokka (D:2)
  A bat (D:2)
  A frilled lizard (D:2)
  4 rats
38 creatures vanquished.

Notes
Turn   | Place    | Note
-------+----------+-------------------------------------------
     0 | D:1      | nightchill the Merfolk Fighter began the quest for the Orb.
     0 | D:1      | Reached XP level 1. HP: 18/18 MP: 1/1
   156 | D:1      | Reached XP level 2. HP: 24/24 MP: 2/2
   317 | D:1      | Reached skill level 4 in Polearms
   923 | D:1      | Reached XP level 3. HP: 30/30 MP: 3/3
  1712 | D:2      | Reached skill level 5 in Polearms
  1894 | D:3      | Reached XP level 4. HP: 36/37 MP: 4/4
  1955 | D:3      | Reached skill level 6 in Polearms
  1963 | D:3      | Slain by a killer bee

Illustrated notes

Levels and vault maps discovered:
D:1:      dpeg_arrival_castle, layout_basic, hangedman_glass_teeth,
          serial_bayou_pond_a, skrybe_limestone_x,
          chequers_serial_rivers_large_a
D:2:      layout_loops_ring
D:3:      corexii_shack_village, layout_loops_ring

Skill      XL: |  1  2  3  4 |
---------------+-------------+-----
Polearms       | 4 5 6 |  6.0
Fighting       | 4 |  4.3
Armour         | |  2.1
Shields        | |  3.0

Action                   |  1- 3 |  4- 6 || total
-------------------------+-------+-------++-------
Melee: Trident           |   114 |    17 ||   131
       Tailslap          |     1 |       ||     1
  Use: Potion            |       |     4 ||     4
Armor: Scale mail        |    21 |       ||    21
       Ring mail         |     9 |    16 ||    25
Dodge: Dodged            |    18 |    12 ||    30
Block: Kite shield       |    39 |    11 ||    50
